Description

New Macro build for adam, easy to use and safe for all levels!

Replay - Eternal Empire LE (86)

Build Order

Get SALT Encoding   

  12  0:01  Probe  
  13  0:13  Probe  
  14  0:19  Pylon  
  14  0:25  Probe  
  15  0:37  Probe (Chrono Boost)  
  15  0:40  Gateway  
  16  0:44  Assimilator  
  16  0:49  Probe (Chrono Boost)  
  17  0:57  Probe (Chrono Boost)  
  17  1:04  Probe  
  19  1:23  Nexus  
  19  1:33  Cybernetics Core  
  19  1:36  Probe  
  20  1:42  Assimilator  
  20  1:48  Probe  
  20  1:53  Pylon  
  21  2:00  Probe  
  22  2:08  Adept (Chrono Boost)  
  22  2:11  Warp Gate  
  25  2:26  Gateway  
  26  2:32  Stalker  
  30  2:48  Gateway  
  32  3:02  Sentry  
  34  3:12  Robotics Facility  
  38  3:22  Stalker (Chrono Boost)  
  40  3:33  Stalker (Chrono Boost), Pylon  
  44  3:51  Pylon  
  46  3:59  Observer  
  47  4:03  Assimilator x2  
  47  4:05  Pylon  
  51  4:20  Observer  
  51  4:23  Robotics Bay  
  56  4:41  Nexus  
  58  4:55  Forge  
  58  4:57  Twilight Council  
  60  5:05  Stalker x2  
  62  5:11  Stalker  
  68  5:24  Protoss Ground Weapons Level 1 (Chrono Boost), Colossus (Chrono Boost)  
  74  5:30  Charge  
  76  5:45  Extended Thermal Lance  
  79  6:05  Colossus (Chrono Boost)  
  88  6:12  Sentry x2  
  95  6:30  Gateway x2  
  95  6:37  Gateway x2  
  98  6:41  Assimilator x2  
  98  6:45  Colossus (Chrono Boost)  
  104  7:05  Templar Archives  
  104  7:11  Stalker x3  
  110  7:25  Protoss Ground Weapons Level 2 (Chrono Boost)  
  110  7:32  Immortal  
  113  7:43  Gateway x3  
  113  7:47  High Templar x2  
  113  7:49  Zealot x5  
  127  7:52  Archon  
  127  8:11  High Templar x4  
  133  8:16  Zealot, Archon x2  
  137  8:21  Zealot x2  
  141  8:40  High Templar x2  
  145  8:42  Zealot x2  
  145  8:47  Archon  
  161  8:57  Immortal (Chrono Boost)  
  165  9:03  High Templar x2  
  165  9:08  Archon  
  155  9:41  Archon  
Spawning Tool Build Advisor. Get it on Overwolf

Go to:

Details

  • Created by: Heeebs
  • Published on: Mar 26, 2020
  • Modified on: Mar 26, 2020
  • Patch: 4.11.0
Show
View Real Time Build Order
Export as new Build Order

Comments (0)

There are no comments. Be the first!

Create an account to comment!